AoeStats
← thekyser

Arabian Desert

512287070Analyzed
1v1 RM · 10d ago on Oct 9, 2026· 44m 50s· 2 players
Game mode
Random Map
Map size
Tiny (2 player)
Population
200
Speed
Normal
Resources
Standard
Victory
Conquest
Starting age
Dark Age
Ending age
Imperial Age
RankedLock teamsTeams togetherTeam positionsShared explorationLock speedFull tech treeHidden civsTurbo modeCheats
Victory
Defeat
🇺🇸 Huns · United States
679
+16
vs
🇦🇷 Franks · Argentina
670
-16
thekyser
10:06 Feudal Age
8:22 Loom
10:44 Double-Bit Axe
11:37 Wheelbarrow
10:48 Town Watch
22:18 Castle Age
20:40 Scale Mail Armor
21:52 Padded Archer Armor
21:43 Fletching
27:21 Squires
28:25 Bodkin Arrow
29:28 Forging
30:41 Scale Barding Armor
32:40 Hand Cart
32:40 Husbandry
34:00 Chain Barding Armor
39:50 Coinage
42:31 Imperial Age
42:48 Gold Mining
42:49 Stone Mining
44:00 Pikeman
Every Anna
6:03 Loom
9:17 Feudal Age
10:30 Double-Bit Axe
22:32 Castle Age
22:07 Horse Collar
24:12 Wheelbarrow
26:28 Light Cavalry
27:11 Husbandry
27:22 Bloodlines
27:50 Scale Barding Armor
27:56 Forging
30:51 Chain Barding Armor
32:48 Hand Cart
32:37 Stone Mining
33:43 Iron Casting
34:24 Bow Saw
37:25 Marauders
40:42 Imperial Age
42:53 Plate Barding Armor
44:49 Blast Furnace
43:31 Cavalier
44:50 Hussar
Connection lost

Rejoining the realm…

Still unreachable

The connection could not be restored.

Session expired

The server has moved on; the page needs a fresh start.